 Dungeon Crawl Stone Soup version 0.28.0-53-g5a82cb258f (webtiles) character file.

Game seed: 914515326869039803

63 firemarshallily the Vexing (level 4, -1/29 HPs)
             Began as an Octopode Arcane Marksman on July 8, 2022.
             Slain by a gnoll
             ... wielding a +0 whip
              (9 damage)
             ... on level 2 of the Dungeon.
             The game lasted 00:04:36 (1389 turns).

firemarshallily the Vexing (OpAM)                   Turns: 1389, Time: 00:04:37

Health: -1/29      AC:  1    Str:  9    XL:     4   Next: 9%
Magic:  6/6        EV: 13    Int: 15    God:
Gold:   43         SH:  3    Dex: 14    Spells: 5/6 levels left

rFire   . . .      SeeInvis .   d - +0 short sword
rCold   . . .      Faith    .   g - +0 buckler
rNeg    . . .      Spirit   .   (helmet restricted)
rPois   .          Reflect  .   (no amulet)
rElec   .          Harm     .   (no ring)
rCorr   .          Rampage  .   (no ring)
Will    .....                   (no ring)
Stlth   +++.......              (no ring)
HPRegen 0.09/turn               (no ring)
MPRegen 0.10/turn               (no ring)
                                (no ring)
                                (no ring)

@: no status effects
A: almost no armour, amphibious, 8 rings, camouflage 1, gelatinous body 1,
(nimble swimmer 1), tentacles
a: no special abilities


You were on level 2 of the Dungeon.
You visited 1 branch of the dungeon, and saw 2 of its levels.

You collected 43 gold pieces.

Inventory:

Hand Weapons
 a - a +0 hunting sling
 d - a +0 short sword (weapon)
Missiles
 b - 41 stones
 c - 8 sling bullets
 i - 5 boomerangs
Armour
 g - a +0 buckler (worn)
Scrolls
 e - a scroll of teleportation {unknown}
 f - 2 scrolls of identify {unknown}
Potions
 h - a potion of brilliance {unknown}


   Skills:
 + Level 1.9 Fighting
 + Level 2.7 Slings
 - Level 2.1 Dodging
 + Level 2.2 Stealth
 + Level 1.7 Spellcasting
 - Level 3.0 Hexes


You had 5 spell levels left.
You knew the following spells:

 Your Spells              Type           Power      Damage    Failure   Level
a - Slow                  Hex            40%        N/A       9%          1

Your spell library contained the following spells:

 Spells                   Type           Power      Damage    Failure   Level
 Inner Flame              Hex/Fire       5%         N/A       45%         3
 Portal Projectile        Hex/Tloc       10%        N/A       45%         3
 Cause Fear               Hex            5%         N/A       65%         4


Dungeon Overview and Level Annotations

Branches:
Dungeon (2/15)

Altars:


Innate Abilities, Weirdness & Mutations

You cannot wear most types of armour.
You are amphibious.
You can wear up to eight rings at the same time.
Your skin changes colour to match your surroundings (Stealth+).
Your rubbery body absorbs attacks. (AC +1, EV +1)
((You are camouflaged when in or above water. (Stealth+)))
You have tentacles for arms and can constrict up to eight enemies at once.


Message History

Aim: a gnoll, wielding a +0 whip (lightly wounded, 63% to hit)
You shoot a sling bullet.
The sling bullet barely misses the gnoll.
Unknown command.
d - a +0 short sword (weapon)
You barely miss the worm. Your grab misses the worm.
You squeeze the worm, but do no damage. You hit the worm. You grab the worm.
The worm is moderately wounded.
You constrict the worm. The worm barely misses you.
You hit the worm but do no damage.
The worm is moderately wounded.
You constrict the worm. You hit the worm.
The worm is heavily wounded.
You constrict the worm. The worm bites you.
You hit the worm but do no damage. You squeeze the worm!
You kill the worm!
You completely miss the gnoll. Your grab misses the gnoll.
The gnoll is heavily wounded.
The gnoll hits you with a +0 whip.
You hit the gnoll. You grab the gnoll.
The gnoll is almost dead.
You constrict the gnoll, but do no damage.
The gnoll closely misses you. The gnoll barely misses you.
You hit the gnoll.
You kill the gnoll!
You have reached level 4!
You hit the gnoll but do no damage. You grab the gnoll.
The gnoll is lightly wounded.
You constrict the gnoll, but do no damage.
The gnoll hits you with a +0 whip! The gnoll hits you with a +0 whip.
* * * LOW HITPOINT WARNING * * *
You barely miss the gnoll.
The gnoll is lightly wounded.
You constrict the gnoll. The gnoll barely misses you.
You hit the gnoll but do no damage.
The gnoll is moderately wounded.
You constrict the gnoll. The gnoll hits you with a +0 whip!
You die...

#.. #..# # #
#..# .##.#
#..# #..(..
..# #...#..
#.# ....((.
##.###g......
#...@gK....(#
#..####...###
#..## .##
#...####.###
##..........
##.####.##. #.
#........# #.
#........#
#.##..###.....


You could see 2 gnolls and a kobold.

Vanquished Creatures
  An adder (D:2)
  2 gnolls
  A worm (D:2)
  7 bats (D:1)
  An endoplasm (D:2)
  10 hobgoblins
  2 quokkas
  3 ball pythons (D:1)
  3 kobolds
  A rat (D:1)
31 creatures vanquished.

Vanquished Creatures (others)
  5 plants (D:1)
5 creatures vanquished.

Grand Total: 36 creatures vanquished

Notes
Turn   | Place    | Note
-------+----------+-------------------------------------------
     0 | D:1      | firemarshallily the Octopode Arcane Marksman began the
                  | quest for the Orb.
     0 | D:1      | Reached XP level 1. HP: 13/13 MP: 2/2
    70 | D:1      | Reached skill level 1 in Stealth
    70 | D:1      | Reached XP level 2. HP: 18/18 MP: 3/3
   463 | D:1      | Reached XP level 3. HP: 6/23 MP: 5/5
  1387 | D:2      | Reached XP level 4. HP: 22/29 MP: 6/6
  1389 | D:2      | Slain by a gnoll

Illustrated notes

Levels and vault maps discovered:
D:1:      roderic_crop_circles_arrival_small, layout_basic
D:2:      minmay_spotlight, layout_loops_ring,
          hellmonk_ecumenical_altar_lost_god

Skill      XL: |  1  2  3 |
---------------+----------+-----
Stealth        | 1 2 |  2.2
Fighting       | |  1.9
Slings         | |  2.7
Dodging        | |  2.1
Spellcasting   | |  1.7
Hexes          | |  3.0

Action                   |  1- 3 |  4- 6 || total
-------------------------+-------+-------++-------
Melee: Hunting sling     |    37 |       ||    37
       Constrict         |    18 |     1 ||    19
       Tentacles         |    15 |       ||    15
       Punch             |     1 |       ||     1
       Short sword       |    11 |     3 ||    14
 Fire: Hunting sling     |    50 |       ||    50
  Use: Potion            |     2 |       ||     2
Armor: Skin              |     5 |       ||     5
Dodge: Dodged            |    54 |     1 ||    55
Block: Buckler           |     1 |       ||     1
